 Dungeon Crawl Stone Soup version 0.31.0 (webtiles) character file.

Game seed: 15941659348182264402

3761 qw the Protected (level 10, -3/61 HPs)
             Began as a Gargoyle Hunter on Jan 19, 2024.
             Was a Priest of Okawaru.
             Slain by Grum
             ... wielding a -2 glaive
              (5 damage)
             ... on level 9 of the Dungeon.
             The game lasted 00:00:46 (7405 turns).

qw the Protected (Gargoyle Hunter)                  Turns: 7405, Time: 00:00:47

Health: -3/61      AC: 19    Str: 16    XL:     10   Next: 15%
Magic:  13/13      EV: 11    Int:  9    God:    Okawaru [***...]
Gold:   593        SH:  0    Dex: 17    Spells: 9/9 levels left

rFire   . . .        q - +0 orcbow
rCold   . . .        (shield currently unavailable)
rNeg    + . .        e - +0 ring mail
rPois   inf          n - +1 helmet
rElec   +            (no cloak)
rCorr   .            g - +1 pair of gloves
SInv    .            (no boots)
Will    .....        f - amulet of regeneration
Stlth   +            b - +4 ring of protection
HPRegen 1.10/turn    (no ring)
MPRegen 0.13/turn

%: no passive effects
@: corroded
A: sickness immunity, AC +7, negative energy resistance 1, electricity
resistance, torment resistance 1, petrification resistance
a: Renounce Religion, Heroism


You were on level 9 of the Dungeon.
You worshipped Okawaru.
Okawaru was most pleased with you.
You visited 2 branches of the dungeon, and saw 10 of its levels.

You collected 593 gold pieces.


Innate Abilities, Weirdness & Mutations

You are immune to sickness and miasma.
Your stone body is resilient. (AC +7)
You are immune to poison.
You resist negative energy. (rN+)
You are resistant to electric shocks. (rElec)
You are resistant to unholy torment.
You are immune to petrification.


   Skills:
 + Level 6.4 Fighting
 - Level 10.0 Ranged Weapons
 - Level 11.3 Armour
 - Level 2.0 Dodging
 - Level 1.1 Stealth
 - Level 4.1 Invocations


You had 9 spell levels left.
You didn't know any spells.
Your spell library was empty.

Inventory:

Hand Weapons
 q - a +0 orcbow (weapon)
Armour
 e - a +0 ring mail (worn)
 g - a +1 pair of gloves (worn)
 n - a +1 helmet (worn)
Jewellery
 b - a +4 ring of protection (left hand)
 f - an amulet of regeneration (around neck)
 p - a ring of ice
Wands
 i - a wand of polymorph (9)
 m - a wand of roots (10)
 o - a wand of mindburst (7)
Potions
 a - a potion of resistance
 c - a potion of might {unknown}
 d - 3 potions of curing
 k - a potion of brilliance {unknown}
 l - a potion of haste

Dungeon Overview and Level Annotations

Branches:
Dungeon (9/15)             Temple (1/1) D:4
   Lair: D:8-11         Orc: D:9-12

Altars:
Ashenzari
Dithmenos
Elyvilon
Fedhas
Gozag
Hepliaklqana
Kikubaaqudgha
Makhleb
Nemelex Xobeh
Okawaru
Qazlal
Ru
Sif Muna
Trog
Uskayaw
Vehumet
Wu Jian
Xom
Yredelemnul
Zin
The Shining One

Annotations:
D:9 Grum


Message History

You shoot an arrow. The arrow hits the wolf!
The wolf is heavily wounded.
The wolf bites you but does no damage. Something hits you but does no damage.
The wolf bites you but does no damage. Grum closely misses you.
Something hits you but does no damage.
You shoot an arrow. The arrow misses the wolf.
The wolf bites you. The wolf bites you but does no damage.
The wolf barely misses you. The wolf bites you but does no damage.
Grum misses you. Something hits you but does no damage.
You shoot an arrow. The arrow misses the wolf.
The wolf completely misses you. The wolf closely misses you.
The wolf bites you. The wolf closely misses you. Grum closely misses you.
Something hits you but does no damage.
You shoot an arrow. The arrow hits the wolf.
The wolf is severely wounded.
An orc wizard appears from thin air!
Reactivating autopickup.
The wolf bites you.
The wolf bites you but does no damage. x2
Grum barely misses you. The wolf barely misses you.
The orc wizard mumbles some strange words.
The orc wizard flickers and vanishes!
Deactivating autopickup; reactivate with Ctrl-A.
You shoot an arrow. The arrow hits the wolf!
You kill the wolf!
Okawaru accepts your kill. The wolf bites you but does no damage.
Grum hits you from afar with a -2 glaive!
The wolf bites you! Something hits you but does no damage.
The acid dragon spits acid at you. The splash of acid hits you!!
The acid corrodes you!
You shoot an arrow. The arrow misses the wolf.
The wolf barely misses you.
Grum points his finger and shouts, "Pluto!
Sic 'em!"
Grum closely misses you. Something hits you but does no damage.
The wolf bites you.
You shoot an arrow.
The arrow hits the wolf but does no damage.
The wolf bites you.
Grum hits you from afar with a -2 glaive.
You die...

....hh........
...########### #....
#..# #)..# #..# #...#
#..# #...#
#..#############...#####
#...............g.......
...............){%......
.........(......@h......
################..######
# #..#
################D.#
..................###
.............<..........
.......(................
##################.#####
.#


You could see Grum, an acid dragon and a wolf.

Vanquished Creatures
  Jeremiah (D:6)
  A shadow (D:6)
  2 orc warriors (D:6)
  4 black bears
  4 ogres
  2 wolves (D:9)
  2 centaurs
  A phantom (D:5)
  2 scorpions (D:5)
  3 bullfrogs
  5 wights (D:7)
  6 killer bees
  A howler monkey (D:4)
  2 hounds
  A jelly (D:4)
  2 bombardier beetles (D:4)
  9 orc priests
  A sleepcap (D:6)
  3 iguanas
  16 orc wizards
  3 gnolls (D:6)
  4 adders
  2 shadow imps
  2 ufetubi (D:7)
  6 dart slugs
  A ribbon worm (D:4)
  39 orcs
  4 endoplasms
  4 giant cockroaches
  4 goblins
  4 hobgoblins
  6 kobolds
  3 quokkas
  6 ball pythons
  3 bats
  4 frilled lizards
  3 rats
166 creatures vanquished.

Notes
Turn   | Place    | Note
-------+----------+-------------------------------------------
     0 | D:1      | qw the Gargoyle Hunter began the quest for the Orb.
     0 | D:1      | Reached XP level 1. HP: 12/12 MP: 1/1
     0 | D:1      | 0 ||| qw: Version: 0.3-a-132-g3d54051
     0 | D:1      | 0 ||| qw: Game counter: 182
     0 | D:1      | 0 ||| qw: Melee chars always use a shield: true
     0 | D:1      | 0 ||| qw: God list: Okawaru
     0 | D:1      | 0 ||| qw: Allow faded altars: false
     0 | D:1      | 0 ||| qw: Do Orc after clearing Dungeon:15 true
     0 | D:1      | 0 ||| qw: Do second Lair branch before Depths: true
     0 | D:1      | 0 ||| qw: Lair rune preference: random
     0 | D:1      | 0 ||| qw: Goals: Normal
     0 | D:1      | 0 ||| PLANNING D:1-11
   198 | D:1      | Reached XP level 2. HP: 17/17 MP: 2/2
   591 | D:1      | Reached XP level 3. HP: 19/21 MP: 3/3
   928 | D:1      | 928 ||| UPGRADING to +0 ring mail.
   938 | D:1      | 938 ||| DROPPING +0 leather armour.
   939 | D:1      | 939 ||| READING 3 scrolls labelled QIM ENOIFUKUNT.
   940 | D:1      | 940 ||| READING 3 scrolls labelled QAZIEGHE QIAMA.
   940 | D:1      | 940 ||| IDENTIFYING lumpy black potion
   941 | D:1      | 941 ||| READING 2 scrolls of identify.
   941 | D:1      | 941 ||| IDENTIFYING bubbling grey potion
   942 | D:1      | 942 ||| DRINKING potion of experience.
   942 | D:1      | Reached skill level 11 in Armour
   942 | D:1      | Reached XP level 4. HP: 27/27 MP: 4/4
   943 | D:1      | 943 ||| READING scroll of identify.
   943 | D:1      | 943 ||| IDENTIFYING 2 bubbling silvery potions
   944 | D:1      | 944 ||| READING scroll labelled SEUDASCH WUROFOIWOE.
   944 | D:1      | 944 ||| ENCHANTING +0 shortbow.
   945 | D:1      | 945 ||| DROPPING scroll of butterflies.
   946 | D:1      | 946 ||| DROPPING 2 scrolls of amnesia.
   947 | D:1      | 947 ||| DROPPING potion of attraction.
  1244 | D:2      | Reached XP level 5. HP: 9/32 MP: 5/5
  1244 | D:2      | 1244 ||| FLEEEEING.
  1664 | D:2      | Identified the +9 whip of the Howling Goat {elec, rElec rC-
                  | rN+ Str+3}
  1795 | D:2      | 1795 ||| UPGRADING to +0 pair of gloves.
  1800 | D:2      | 1800 ||| UPGRADING to +4 ring of protection.
  1801 | D:2      | 1801 ||| READING scroll of identify.
  1801 | D:2      | 1801 ||| IDENTIFYING bubbling orange potion
  1849 | D:3      | Reached skill level 3 in Fighting
  2089 | D:3      | Found a basalt altar of Yredelemnul.
  2349 | D:3      | 2349 ||| READING scroll of identify.
  2349 | D:3      | 2349 ||| IDENTIFYING fizzy grey potion
  2350 | D:3      | 2350 ||| READING scroll labelled FOLOLI YTAYLU.
  2350 | D:3      | 2350 ||| BRANDING +0 shortbow.
  2351 | D:3      | 2351 ||| DROPPING potion of degeneration.
  2442 | D:4      | Noticed an ogre
  2448 | D:4      | Killed an ogre
  2449 | D:4      | Reached XP level 6. HP: 21/37 MP: 6/6
  2450 | D:4      | 2450 ||| FLEEEEING.
  2457 | D:4      | 2457 ||| STAIRDANCE
  2557 | D:4      | Reached skill level 6 in Ranged Weapons
  2557 | D:4      | 2557 ||| FLEEEEING.
  2678 | D:4      | Reached XP level 7. HP: 22/41 MP: 7/7
  2679 | D:4      | 2679 ||| FLEEEEING.
  2690 | D:4      | 2690 ||| FLEEEEING.
  2701 | D:4      | 2701 ||| FLEEEEING.
  2703 | D:4      | 2703 ||| STAIRDANCE
  2712 | D:3      | 2712 ||| FLEEEEING.
  2714 | D:3      | HP: 8/41 [something/puff of flame (10)]
  2717 | D:3      | 2717 ||| STAIRDANCE
  2841 | D:2      | 2841 ||| UPGRADING to amulet of regeneration.
  2905 | D:4      | 2905 ||| FLEEEEING.
  2945 | D:4      | Found a stormy altar of Qazlal.
  2945 | D:4      | Found an opulent altar of Gozag.
  3032 | D:4      | Found a staircase to the Ecumenical Temple.
  3033 | D:4      | 3033 ||| PLANNING TEMPLE
  3034 | D:4      | 3034 ||| DROPPING amulet of guardian spirit.
  3046 | Temple   | Entered the Ecumenical Temple
  3047 | Temple   | 3047 ||| PLANNING OKAWARU WORSHIP
  3117 | Temple   | Became a worshipper of Warmaster Okawaru
  3118 | Temple   | 3118 ||| PLANNING D:1-11
  3333 | D:5      | Entered Level 5 of the Dungeon
  3785 | D:5      | Reached XP level 8. HP: 48/48 MP: 8/8
  4068 | D:5      | Reached * piety under Okawaru
  4072 | D:5      | 4072 ||| DROPPING +1 sling of freezing.
  4189 | D:5      | 4189 ||| UPGRADING to +1 helmet.
  4194 | D:5      | 4194 ||| READING scroll labelled ROAHOU VORRORGH.
  4195 | D:5      | 4195 ||| READING 2 scrolls labelled USOEJO IMAIW.
  4205 | D:5      | 4205 ||| FLEEEEING.
  4315 | D:5      | 4315 ||| READING scroll labelled JOIGGU OPLYIBB.
  4316 | D:5      | 4316 ||| FLEEEEING.
  4320 | D:5      | 4320 ||| DRINKING 2 sedimented grey potions.
  4321 | D:5      | 4321 ||| DROPPING scroll of vulnerability.
  4351 | D:6      | Reached skill level 1 in Invocations
  4460 | D:6      | 4460 ||| FLEEEEING.
  4555 | D:6      | Identified the +7 dagger of Bupreegred {flame, rPois rCorr
                  | Str+2 Int+3}
  4618 | D:6      | HP: 8/48 [orc priest/divine providence (12)]
  4618 | D:6      | HP: 1/48 [orc warrior/+0 trident (7)]
  4619 | D:6      | 4619 ||| DRINKING potion of heal wounds.
  4630 | D:6      | Reached ** piety under Okawaru
  4640 | D:6      | HP: 7/48 [orc warrior/+0 trident (9)]
  4643 | D:6      | HP: 3/48 [orc warrior/+0 trident (5)]
  4654 | D:6      | Reached skill level 3 in Invocations
  4881 | D:6      | Noticed Jeremiah
  4882 | D:6      | 4882 ||| INVOKING Heroism.
  4892 | D:6      | 4892 ||| FLEEEEING.
  4893 | D:6      | 4893 ||| FLEEEEING.
  4894 | D:6      | 4894 ||| FLEEEEING.
  4908 | D:6      | 4908 ||| FLEEEEING.
  4909 | D:6      | 4909 ||| FLEEEEING.
  4928 | D:6      | 4928 ||| INVOKING Heroism.
  4943 | D:6      | 4943 ||| INVOKING Heroism.
  4950 | D:6      | Killed Jeremiah
  4951 | D:6      | Reached XP level 9. HP: 54/54 MP: 8/12
  5357 | D:6      | 5357 ||| READING 2 scrolls labelled GOIHAU WIKHLOFO.
  5358 | D:6      | 5358 ||| DROPPING scroll of revelation.
  5380 | D:7      | 5380 ||| STAIRDANCE
  5411 | D:7      | 5411 ||| RETREEEEATING.
  5412 | D:7      | 5412 ||| RETREEEEATING.
  5413 | D:7      | 5413 ||| RETREEEEATING.
  5414 | D:7      | 5414 ||| RETREEEEATING.
  5415 | D:7      | 5415 ||| RETREEEEATING.
  5432 | D:7      | 5432 ||| FLEEEEING.
  5433 | D:7      | 5433 ||| FLEEEEING.
  5442 | D:7      | 5442 ||| INVOKING Heroism.
  5444 | D:7      | Reached skill level 9 in Ranged Weapons
  5576 | D:7      | 5576 ||| FLEEEEING.
  5626 | D:7      | Found a hazy altar of Hepliaklqana.
  5760 | D:7      | Reached skill level 6 in Fighting
  5770 | D:7      | HP: 13/55 [orc priest/divine providence (11)]
  5771 | D:7      | 5771 ||| DRINKING 4 potions of curing.
  5771 | D:7      | 5771 ||| (to cure confusion)
  5824 | D:7      | 5824 ||| SWAPPING to +0 orcbow.
  5825 | D:7      | 5825 ||| DROPPING +0 shortbow of draining.
  5838 | D:7      | 5838 ||| RETREEEEATING.
  5856 | D:7      | 5856 ||| FLEEEEING.
  5865 | D:7      | Reached *** piety under Okawaru
  5882 | D:7      | Found a sparkling altar of Nemelex Xobeh.
  6097 | D:7      | Reached XP level 10. HP: 49/60 MP: 13/13
  6189 | D:7      | 6189 ||| READING scroll labelled MEXAOLI PARIS.
  6190 | D:7      | 6190 ||| FLEEEEING.
  6259 | D:8      | 6259 ||| READING scroll of enchant armour.
  6259 | D:8      | 6259 ||| ENCHANTING +0 pair of gloves.
  6967 | D:8      | 6967 ||| READING scroll of identify.
  6967 | D:8      | 6967 ||| IDENTIFYING dark potion
  7045 | D:9      | Noticed Grum
  7047 | D:9      | 7047 ||| RETREEEEATING.
  7049 | D:9      | 7049 ||| RETREEEEATING.
  7051 | D:9      | 7051 ||| RETREEEEATING.
  7052 | D:9      | 7052 ||| RETREEEEATING.
  7053 | D:9      | 7053 ||| RETREEEEATING.
  7054 | D:9      | 7054 ||| RETREEEEATING.
  7063 | D:9      | HP: 14/60 [Grum/-2 glaive (14)]
  7064 | D:9      | 7064 ||| READING scroll of teleportation.
  7065 | D:9      | 7065 ||| DRINKING potion of heal wounds.
  7069 | D:9      | 7069 ||| FLEEEEING.
  7075 | D:9      | 7075 ||| FLEEEEING.
  7076 | D:9      | 7076 ||| FLEEEEING.
  7077 | D:9      | 7077 ||| FLEEEEING.
  7078 | D:9      | 7078 ||| FLEEEEING.
  7079 | D:9      | 7079 ||| FLEEEEING.
  7080 | D:9      | 7080 ||| FLEEEEING.
  7081 | D:9      | 7081 ||| FLEEEEING.
  7082 | D:9      | 7082 ||| FLEEEEING.
  7083 | D:9      | 7083 ||| FLEEEEING.
  7084 | D:9      | 7084 ||| FLEEEEING.
  7085 | D:9      | 7085 ||| FLEEEEING.
  7086 | D:9      | 7086 ||| FLEEEEING.
  7087 | D:9      | 7087 ||| FLEEEEING.
  7088 | D:9      | 7088 ||| FLEEEEING.
  7089 | D:9      | 7089 ||| STAIRDANCE
  7116 | D:8      | 7116 ||| READING scroll labelled VEAHAOX MAEGA.
  7117 | D:8      | 7117 ||| FLEEEEING.
  7249 | D:9      | 7249 ||| STAIRDANCE
  7251 | D:8      | 7251 ||| FLEEEEING.
  7403 | D:9      | HP: 11/60 [acid dragon/splash of acid (22)]
  7405 | D:9      | HP: 2/61 [wolf[Grum] (6)]
  7405 | D:9      | Slain by Grum

Levels and vault maps discovered:
D:1:      evilmike_arrival_home_sweet_home, layout_basic, hangedman_glass_garden
D:2:      layout_loops_ring, dk_noncrumbling_4, minmay_misc_feat_encased,
          minmay_quadrilaterals
D:3:      layout_basic, lemuel_tele_altar
D:4:      layout_cave_pools, minitemple, minmay_temple_entry_junction
D:5:      layout_basic, serial_co_window_serial, co_window_corner_a,
          co_window_of_opportunity_a, co_window_paths_b, co_window_paths_b,
          co_window_paths_b, co_window_paths_c, co_window_of_opportunity_c,
          co_window_of_opportunity_c, co_window_of_opportunity_b,
          co_window_4corner_b, glass_columns_a, glass_columns_a, glass_columns_a
D:6:      layout_basic, uniq_jeremiah
D:7:      layout_loops_ring, mainiacjoe_overflow_tiny_flanked,
          general_overflow_altar
D:8:      minmay_klotski, layout_loops_corners, dk_noncrumbling_2
D:9:      layout_long_grid, roderic_st_hans_cross, uniq_grum
Temple:   minmay_temple_bridge_d

Skill      XL: |  1  2  3  4  5  6  7  8  9 10 |
---------------+-------------------------------+-----
Ranged Weapons | 5 6 7 8 9 10 | 10.0
Armour         | 11 | 11.3
Fighting       | 3 4 5 6 |  6.4
Invocations    | 4 |  4.1
Dodging        | 2 |  2.0
Stealth        | |  1.1

Action                     |  1- 3 |  4- 6 |  7- 9 | 10-12 || total
---------------------------+-------+-------+-------+-------++-------
   Fire: Shortbow          |    84 |   123 |   458 |       ||   665
         Orcbow            |       |       |    26 |    74 ||   100
 Invoke: Heroism           |       |       |     4 |       ||     4
    Use: Scroll            |     3 |     5 |     4 |     5 ||    17
         Potion            |     1 |       |     3 |     1 ||     5
 Armour: Leather armour    |    23 |       |       |       ||    23
         Ring mail         |       |    38 |   301 |    95 ||   434
  Dodge: Dodged            |    25 |    29 |   202 |    47 ||   303

Table legend:
 A = Non-vault XP
 B = Vault XP
 C = Vault XP percentage of total XP
 D = Non-vault monster count
 E = Vault monster count
 F = Vault count percentage of total count
                 A         B        C        D         E       F
            +---------+---------+-------+---------+---------+-------
      Total |    4674 |     637 |  12.0 |     161 |       5 |   3.0
            +---------+---------+-------+---------+---------+-------
        D:1 |      54 |       0 |   0.0 |      27 |       0 |   0.0
        D:2 |      51 |       3 |   5.6 |       9 |       2 |  18.2
        D:3 |      54 |       0 |   0.0 |       9 |       0 |   0.0
        D:4 |     612 |       0 |   0.0 |      20 |       0 |   0.0
        D:5 |     712 |       0 |   0.0 |      24 |       0 |   0.0
        D:6 |    1267 |     394 |  23.7 |      31 |       1 |   3.1
        D:7 |    1494 |       0 |   0.0 |      29 |       0 |   0.0
        D:8 |     319 |       0 |   0.0 |       9 |       0 |   0.0
        D:9 |     111 |     240 |  68.4 |       3 |       2 |  40.0
            +---------+---------+-------+---------+---------+-------
